 Dungeon Crawl Stone Soup version 0.27.0-1-g7a089689b8 (webtiles) character file.

Game seed: 2444083469934693088

1885 Kinoniko the Cleaver (level 9, 13/88 HPs)
             Began as an Ogre Berserker on Aug 17, 2021.
             Was an Elder of Trog.
             Quit the game on level 7 of the Dungeon.
             The game lasted 00:05:10 (7228 turns).

Kinoniko the Cleaver (Ogre Berserker)               Turns: 7228, Time: 00:05:10

Health: 13/88      AC:  3    Str: 24    XL:     9   Next: 14%
Magic:  9/9        EV: 10    Int:  8    God:    Trog [****..]
Gold:   516        SH:  0    Dex: 10    Spells: 8/8 levels left

rFire    . . .     SeeInvis .   j - +0 war axe
rCold    . . .     Faith    .   (no shield)
rNeg     . . .     Spirit   .   b - +0 animal skin
rPois    .         Reflect  .   (helmet restricted)
rElec    .         Harm     .   n - scarf {repulsion}
rCorr    .         Rampage  .   (gloves unavailable)
Will     .....                  (boots unavailable)
Stlth    +.........             f - amulet of the acrobat
HPRegen  0.24/turn              (no ring)
MPRegen  0.11/turn              (no ring)

@: on berserk cooldown, slowed, repel missiles, very slow
A: large, unfitting armour, tough skin 1
a: Renounce Religion, Berserk, Trog's Hand, Brothers in Arms


You were on level 7 of the Dungeon.
You worshipped Trog.
Trog was greatly pleased with you.
You visited 1 branch of the dungeon, and saw 7 of its levels.

You collected 516 gold pieces.

Inventory:

Hand Weapons
 a - a +0 hand axe
 j - a +0 war axe (weapon)
Armour
 b - a +0 animal skin (worn)
 n - a scarf of repulsion (worn)
Jewellery
 d - a ring of fire
 f - an amulet of the acrobat (around neck)
 p - a ring of magical power
Scrolls
 e - a scroll of magic mapping
 m - a scroll of immolation
Potions
 c - 3 potions of flight {unknown}
 g - a potion of degeneration {unknown}
 h - a potion of cancellation {unknown}
 i - 2 potions of brilliance {unknown}
 k - 2 potions of might {unknown}
 l - 2 potions of curing


   Skills:
 - Level 5.3 Fighting
 * Level 11.5 Axes
 - Level 2.6 Dodging


You had 8 spell levels left.
You didn't know any spells.
Your spell library was empty.

Dungeon Overview and Level Annotations

Branches:
Dungeon (7/15)             Temple (0/1) D:5

Altars:
Dithmenos
Elyvilon
Kikubaaqudgha
Nemelex Xobeh
Okawaru
Ru
Uskayaw
Vehumet
Zin

Shops:
D:6 :


Innate Abilities, Weirdness & Mutations

You are too large for most types of armour.
You have tough skin. (AC +1)


Message History

You are engulfed in a cloud of scalding steam.
The steam dragon closely misses you. The steam dragon claws you.
You slice the steam dragon!!
You kill the steam dragon!
Trog accepts your kill.
You are engulfed in a cloud of scalding steam.
A slime creature comes into view.
You feel a strong urge to attack something.
The slime creature misses you.
You slice the slime creature!!
The slime creature is moderately wounded.
You slash the slime creature!
The slime creature is heavily wounded.
A slime creature comes into view.
The slime creature misses you.
You slash the slime creature!
The slime creature is severely wounded.
Two slime creatures merge to form a large slime creature.
You slash the large slime creature!
The large slime creature is heavily wounded.
Unknown command.
You hit the large slime creature.
The large slime creature is heavily wounded.
You slash the large slime creature!
The large slime creature is heavily wounded.
You are no longer berserk.
You are exhausted.
You feel yourself slow down.
You slash the large slime creature!
The large slime creature is severely wounded.
The large slime creature hits you!!
* * * LOW HITPOINT WARNING * * *
A slime creature comes into view.
The large slime creature closely misses you.
You slash the large slime creature!
The large slime creature is severely wounded.
Two slime creatures merge to form a very large slime creature.
Unknown command.
Okay, then.
Are you sure you want to abandon this character and quit the game? (Confirm with "yes".)

#####
###...#######
###...........#
..............#
###.#...####..#
########.#...#
#..#
#.J@.....#.(.##
#..#
#.######......#
#..# # #.#....#
##.# #.#....#
#.#
#.####.####.#
#.. .........
... .........
... .........
## .........


You could see a very large slime creature.

Vanquished Creatures
  3 yaks (D:6)
  A steam dragon (D:7)
  An ice beast (D:5)
  An orc warrior (D:6)
  A black bear (D:6)
  A centaur (D:6)
  3 ogres (D:5)
  A kobold brigand (D:6)
  A bullfrog (D:6)
  2 scorpions
  A water moccasin zombie (D:5)
  A bullfrog zombie (D:5)
  2 hounds (D:5)
  2 orc priests
  A bullfrog skeleton (D:6)
  An iguana (D:5)
  2 orc wizards (D:6)
  4 adders
  A dart slug (D:2)
  17 orcs
  5 bats
  6 endoplasms
  4 giant cockroaches
  17 goblins
  13 hobgoblins
  3 quokkas
  7 ball pythons
  3 frilled lizards
  16 kobolds
  6 rats
127 creatures vanquished.

Notes
Turn   | Place    | Note
-------+----------+-------------------------------------------
     0 | D:1      | Kinoniko the Ogre Berserker began the quest for the Orb.
     0 | D:1      | Reached XP level 1. HP: 24/24 MP: 1/1
    28 | D:1      | Reached XP level 2. HP: 12/32 MP: 2/2
   583 | D:1      | Reached ** piety under Trog
   667 | D:1      | Reached XP level 3. HP: 31/40 MP: 3/3
  1615 | D:2      | Reached skill level 4 in Axes
  1855 | D:2      | Found a sparkling altar of Nemelex Xobeh.
  2189 | D:3      | Reached XP level 4. HP: 49/49 MP: 4/4
  2310 | D:3      | Found a glowing silver altar of Zin.
  2310 | D:3      | Found a shadowy altar of Dithmenos.
  2340 | D:3      | Reached skill level 5 in Fighting
  2404 | D:3      | Found an ancient bone altar of Kikubaaqudgha.
  2493 | D:3      | Found a faded altar of an unknown god.
  2553 | D:3      | Found an iron altar of Okawaru.
  2812 | D:4      | Found a hide-covered altar of Uskayaw.
  2815 | D:4      | Reached *** piety under Trog
  3004 | D:4      | Found a white marble altar of Elyvilon.
  3125 | D:4      | Reached XP level 5. HP: 57/57 MP: 5/5
  3738 | D:5      | Entered Level 5 of the Dungeon
  3773 | D:5      | Reached skill level 5 in Axes
  3962 | D:5      | Found a staircase to the Ecumenical Temple.
  3976 | D:5      | Noticed an ice beast
  3989 | D:5      | Reached skill level 6 in Axes
  3989 | D:5      | Reached XP level 6. HP: 8/66 MP: 6/6
  3990 | D:5      | Killed an ice beast
  3990 | D:5      | HP: 1/99 [orc (5)]
  4670 | D:5      | Reached skill level 7 in Axes
  4670 | D:5      | Reached XP level 7. HP: 72/72 MP: 7/7
  4737 | D:5      | Reached skill level 8 in Axes
  5498 | D:6      | Reached skill level 9 in Axes
  5498 | D:6      | Reached XP level 8. HP: 80/80 MP: 8/8
  5719 | D:6      | Found a sacrificial altar of Ru.
  5724 | D:6      | Reached **** piety under Trog
  5786 | D:6      | Found Acriseh's Book Emporium.
  6209 | D:6      | Found a radiant altar of Vehumet.
  6260 | D:6      | Noticed a yak
  6261 | D:6      | Noticed a yak
  6263 | D:6      | Noticed a yak
  6273 | D:6      | Killed a yak
  6274 | D:6      | Reached skill level 10 in Axes
  6279 | D:6      | Killed a yak
  6283 | D:6      | Killed a yak
  6792 | D:6      | Reached skill level 11 in Axes
  6798 | D:6      | Reached XP level 9. HP: 41/88 MP: 9/9
  7228 | D:7      | Quit the game

Illustrated notes

Levels and vault maps discovered:
D:1:      lordsloth_arrival_two_stooges, layout_basic, minmay_tripent
D:2:      layout_loops_ring, basic_altar, corexii_corridor_pit,
          minmay_hedge_maze
D:3:      layout_rooms, jmf_multi_god_temple, okawaru_trees_2,
          mainiacjoe_overflow_brackets, hellmonk_ecumenical_altar_inner_sanctum
D:4:      layout_cave_pods, amcnicky_altar_gilded, mainiacjoe_overflow_24_doors,
          minmay_goblin_outpost
D:5:      layout_basic, minmay_temple_entry_sparse_star
D:6:      layout_loops_cross, nicolae_ru_great_annihilating_truth,
          nicolae_vehumet_altar_sigil, serial_shops, shop
D:7:      lemuel_slime, layout_basic, mainiacjoe_overflow_small_starburst

Skill      XL: |  1  2  3  4  5  6  7  8 |
---------------+-------------------------+-----
Axes           | 4 6 7 9 11 | 11.5
Fighting       | 5 |  5.3
Dodging        | |  2.6

Action                   |  1- 3 |  4- 6 |  7- 9 || total
-------------------------+-------+-------+-------++-------
Melee: Hand axe          |   121 |       |       ||   121
       War axe           |    10 |   107 |   121 ||   238
Invok: Berserk           |     3 |     4 |     7 ||    14
  Use: Scroll            |       |     3 |     2 ||     5
       Potion            |       |       |     1 ||     1
 Stab: Paralysed         |       |       |     1 ||     1
Armor: Animal skin       |    44 |    25 |    19 ||    88
Dodge: Dodged            |    68 |    72 |    60 ||   200
